[Event "21st Indian-chT Women 2023-24"]
[Site "Dharamsala"]
[Date "2024.04.04"]
[Round "7.5"]
[White "Kiran, Manisha Mohanty"]
[Black "Singh, Neha"]
[Result "1-0"]
[ECO "C42"]
[WhiteElo "2036"]
[BlackElo "1825"]
[Annotator "RC"]
[PlyCount "122"]
[EventDate "2024.03.28"]
[EventType "team-tourn"]
[EventCountry "IND"]
[SourceTitle "playchess.com"]
[Source "ChessBase"]
[SourceQuality "1"]
[TimeControl "5400+30"]

1. e4 e5 2. Nf3 Nf6 3. Nxe5 d6 4. Nf3 Nxe4 5. Qe2 Qe7 6. d3 Nf6 7. Bg5 Qxe2+ 8. Bxe2 Be7 9. Nc3 c6 10. O-O-O b5 11. h3 h6 12. Bh4 b4 13. Ne4 Nbd7 14. Bg3 Nxe4 15. dxe4 Nc5 16. Bxd6 Nxe4 17. Bxe7 Kxe7 18. Rhe1 Be6 19. Bc4 Nc5 20. Nd4 Rhc8 21. Re5 Nd7 22. Re3 Nf8 23. Nxe6 Nxe6 24. Bxe6 fxe6 25. Rde1 Rc7 26. Rxe6+ Kf7 27. f4 Rd8 28. g4 Rd5 29. R6e5 Rd6 30. Rf5+ Kg6 31. Rc5 Rf7 32. Re4 Rfd7 33. b3 Rb7 34. Rec4 Rb6 35. h4 Kf7 36. Ra5 Rd7 37. Rf5+ Ke8 38. Rfc5 Rd6 39. Re4+ Kd7 40. Rce5 Kc7 41. h5 Rb8 42. f5 a6 43. Re7+ Rd7 44. R7e6 a5 45. Re7 Rbd8 46. Rxd7+ Rxd7 47. Re5 Kb6 48. Re6 Kc5 49. Rg6 Kb5 50. f6 gxf6 51. Rxh6 Rf7 52. Kd2 a4 53. Rg6 f5 54. Rg5 Rd7+ 55. Ke2 Re7+ 56. Kf2 axb3 57. axb3 Kc5 58. Rxf5+ Kd4 59. Rf4+ Kc5 60. h6 Rd7 61. Rc4+ Kd5 1-0

[Event "21st Indian-chT Women 2023-24"]
[Site "Dharamsala"]
[Date "2024.04.04"]
[Round "7.6"]
[White "Marium Fatima"]
[Black "Swati Ghate"]
[Result "0-1"]
[ECO "E01"]
[WhiteElo "1903"]
[BlackElo "2012"]
[Annotator "RC"]
[PlyCount "96"]
[EventDate "2024.03.28"]
[EventType "team-tourn"]
[EventCountry "IND"]
[SourceTitle "playchess.com"]
[Source "ChessBase"]
[SourceQuality "1"]
[TimeControl "5400+30"]

1. d4 Nf6 2. Nf3 e6 3. c4 c5 4. g3 cxd4 5. Nxd4 d5 6. Bg2 e5 7. Nf3 d4 8. O-O Nc6 9. Bg5 Be7 10. a3 a5 11. Qc2 O-O 12. Bxf6 Bxf6 13. Rd1 Be6 14. Nbd2 Be7 15. Nf1 Qb6 16. e3 Rfd8 17. exd4 exd4 18. h3 a4 19. N1h2 d3 20. Rxd3 Rxd3 21. Qxd3 Qxb2 22. Qd1 Bc5 23. Nd2 Rd8 24. Nhf1 Ne5 25. Rb1 Qd4 26. Qe2 b6 27. Nf3 Nxf3+ 28. Qxf3 Qxc4 29. Ne3 Qa2 30. Rd1 Rxd1+ 31. Qxd1 Qxa3 32. Qd8+ Bf8 33. Nd5 Qd6 34. Qa8 a3 35. f4 b5 36. g4 b4 37. f5 Bd7 38. f6 gxf6 39. Qd8 Kg7 40. g5 Qc5+ 41. Kf1 Bb5+ 42. Ke1 Qg1+ 43. Kd2 Qxg2+ 44. Kd1 Qg1+ 45. Kc2 Qxg5 46. h4 Qf5+ 47. Kd2 Qf2+ 48. Kc1 Ba4 0-1

[Event "21st Indian-chT Women 2023-24"]
[Site "Dharamsala"]
[Date "2024.04.04"]
[Round "7.7"]
[White "Anagha Yardi"]
[Black "Garima Gaurav"]
[Result "0-1"]
[ECO "D02"]
[WhiteElo "1482"]
[BlackElo "1786"]
[Annotator "NA RC"]
[PlyCount "68"]
[EventDate "2024.03.28"]
[EventType "team-tourn"]
[EventCountry "IND"]
[SourceTitle "playchess.com"]
[Source "ChessBase"]
[SourceQuality "1"]
[TimeControl "5400+30"]

1. d4 d5 2. Bf4 Nf6 3. e3 e6 4. Nf3 Be7 5. Be2 Nbd7 6. h3 b6 7. O-O Bb7 8. Nbd2 O-O 9. c4 c5 10. Bh2 Ne4 11. Rc1 f5 12. cxd5 exd5 13. Qa4 a6 14. Rfd1 b5 15. Qc2 Rc8 16. Qb1 c4 17. Ne5 Bd6 18. Ndf3 Qe7 19. Bf4 Bxe5 20. Bxe5 g5 21. Bg3 Nxg3 22. fxg3 Qxe3+ 23. Kf1 g4 24. Rc3 Qe7 25. Nh4 b4 26. Rcc1 Qe3 27. Nxf5 Rxf5+ 28. Qxf5 Rf8 29. Qxf8+ Kxf8 30. Bxg4 Nf6 31. Bf3 a5 32. Rc2 c3 33. bxc3 Ba6+ 34. Be2 Ne4 0-1